 Dungeon Crawl Stone Soup version 0.21.1-1-g345015f (webtiles) character file.

330 Iko the Covered (level 6, -7/51 HPs)
             Began as a Minotaur Wanderer on May 31, 2018.
             Was an Initiate of Fedhas.
             Mangled by kae's ghost (8 damage)
             ... on level 7 of the Dungeon on June 1, 2018.
             The game lasted 00:13:01 (1179 turns).

Iko the Covered (Minotaur Wanderer)                 Turns: 1179, Time: 00:13:03

Health: -7/51      AC: 19    Str: 15    XL:     6   Next: 26%
Magic:  5/5        EV:  5    Int: 10    God:    Fedhas [......]
Gold:   95         SH:  0    Dex: 12    Spells: 5/5 levels left

rFire    . . .     SeeInvis .   e - +2 mace (protect)
rCold    . . .     Gourm    .   (no shield)
rNeg     . . .     Faith    .   k - +0 plate armour
rPois    .         Spirit   .   (helmet restricted)
rElec    .         Reflect  .   (no cloak)
rCorr    .         Harm     .   (no gloves)
MR       .....                  (no boots)
Stlth    ..........             (no amulet)
HPRegen  0.17/turn              g - ring of stealth
MPRegen  0.09/turn              (no ring)

@: protection aura
A: retaliatory headbutt, horns 2
a: Fungal Bloom, Renounce Religion


You were on level 7 of the Dungeon.
You worshipped Fedhas.
Fedhas was noncommittal.
You were not hungry.

You visited 1 branch of the dungeon, and saw 7 of its levels.

You collected 95 gold pieces.

Inventory:

Hand Weapons
 b - a +0 shortbow
 e - a +2 mace of protection (weapon)
Missiles
 c - 15 arrows
 j - a tomahawk (quivered)
Armour
 k - a +0 plate armour (worn)
Jewellery
 g - a ring of stealth (left hand)
Wands
 d - a wand of iceblast (8)
Potions
 a - a potion of heal wounds
Books
 i - a book of Flames

   Spells                             Type                      Level
   a - Flame Tongue                   Conjuration/Fire             1
   b - Throw Flame                    Conjuration/Fire             2
   c - Conjure Flame                  Conjuration/Fire             3
   d - Inner Flame                    Hexes/Fire                   3
   e - Sticky Flame                   Conjuration/Fire             4
   f - Fireball                       Conjuration/Fire             5
Comestibles
 f - 6 rations


   Skills:
 + Level 3.4 Fighting
   Level 2.4(3.3) Axes
 + Level 3.5(3.9) Maces & Flails
 + Level 3.2 Bows
 + Level 1.2 Throwing
 + Level 6.1 Armour
 + Level 1.0 Dodging
 + Level 1.3 Stealth
   Level 1.2 Shields


You had 5 spell levels left.
You didn't know any spells.

Dungeon Overview and Level Annotations

Branches:
Dungeon (7/15)
 Temple: D:4-7

Altars:
Fedhas

Shops:
D:7 (

Annotations:
D:7 kae's ghost, novice GnTm


Innate Abilities, Weirdness & Mutations

You reflexively headbutt those who attack you in melee.
You have a pair of horns on your head.


Message History

Kae's ghost is severely damaged.
Kae's ghost hits you but does no damage.
You closely miss kae's ghost.
Kae's ghost is severely damaged.
Kae's ghost hits you but does no damage.
You hit kae's ghost.
Kae's ghost is severely damaged.
Kae's ghost hits you but does no damage.
You closely miss kae's ghost.
Kae's ghost is severely damaged.
Kae's ghost hits you.
* * * LOW HITPOINT WARNING * * *
You hit kae's ghost but do no damage.
Kae's ghost is severely damaged.
Kae's ghost says, "I break bones and crack skulls... with my bare hands."
Kae's ghost hits you.
* * * LOW HITPOINT WARNING * * *
Kae's ghost hits you!
You die...
Fedhas appreciates your contribution to the ecosystem.

#.##..........
#######.##.##.##....
........##.....#....
.........[.##..#....
........##.##.......
...(....##.##..#.###
..).(.†.##.##.......
...#######..............
#.....@Wrr...........##
#.#######r.#..##.....##
#..#...........
#...........#..
#..............
#..#..........#
#..#...#....###
######........##.#
#...........#.##.#


You could see kae's ghost, a river rat and 2 rats.

Vanquished Creatures
  A necrophage (D:7)
  An ogre (D:5)
  A scorpion (D:5)
  A crimson imp (D:7)
  A worker ant (D:7)
  2 adders (D:2)
  2 oozes
  4 leopard geckos
  A goblin (D:3)
  3 hobgoblins
  A quokka (D:7)
  4 bats
  3 frilled lizards
  3 kobolds
  3 rats
31 creatures vanquished.

Notes
Turn   | Place    | Note
-------+----------+-------------------------------------------
     0 | D:1      | Iko the Minotaur Wanderer began the quest for the Orb.
     0 | D:1      | Iko set off with: a +2 hand axe, a +0 shortbow, 26 arrows, a +0 ring mail, a ration
     0 | D:1      | Reached XP level 1. HP: 18/18 MP: 0/0
    15 | D:1      | Reached skill level 5 in Armour
    95 | D:1      | Reached XP level 2. HP: 25/25 MP: 1/1
   236 | D:2      | HP: 1/25 [adder (4)]
   243 | D:2      | Reached skill level 1 in Bows
   243 | D:2      | Reached XP level 3. HP: 15/30 MP: 2/2
   662 | D:3      | Reached skill level 1 in Maces & Flails
   748 | D:5      | Entered Level 5 of the Dungeon
   800 | D:5      | Noticed an ogre
   806 | D:5      | Noticed a scorpion
   811 | D:5      | Killed an ogre
   811 | D:5      | Reached XP level 4. HP: 26/38 MP: 3/3
   811 | D:5      | Reached XP level 5. HP: 31/45 MP: 4/4
   822 | D:5      | Reached skill level 6 in Armour
   840 | D:5      | Found a blossoming altar of Fedhas.
   917 | D:5      | Became a worshipper of Fedhas Madash
   982 | D:7      | Found Fueg's Antique Weapon Shop.
  1040 | D:7      | Reached skill level 1 in Throwing
  1104 | D:7      | Noticed a necrophage
  1107 | D:7      | Noticed kae's ghost (novice GnTm)
  1113 | D:7      | Killed a necrophage
  1113 | D:7      | Reached skill level 1 in Dodging
  1113 | D:7      | Reached XP level 6. HP: 51/51 MP: 5/5
  1179 | D:7      | HP: 1/51 [kae's ghost (4)]
  1179 | D:7      | Mangled by kae's ghost

Skill      XL: |  1  2  3  4  5 |
---------------+----------------+-----
Armour         | 5 6 |  6.1
Bows           | 1 2 3 |  3.2
Maces & Flails | 2 3 |  3.5
Fighting       | 3 |  3.4
Throwing       | 1 |  1.2
Dodging        | 1 |  1.0
Axes           | |  2.4
Stealth        | |  1.3
Shields        | |  1.2

Action                   |  1- 3 |  4- 6 || total
-------------------------+-------+-------++-------
Melee: Mace              |    50 |    75 ||   125
       Hand axe          |     3 |       ||     3
       Headbutt          |     5 |     6 ||    11
 Fire: Shortbow          |    25 |     8 ||    33
Throw: Tomahawk          |     7 |     9 ||    16
Invok: Fungal Bloom      |       |     1 ||     1
  Use: Scroll            |     4 |       ||     4
       Potion            |     2 |     3 ||     5
 Stab: Sleeping          |     1 |       ||     1
  Eat: Ration            |       |     1 ||     1
Armor: Ring mail         |    23 |       ||    23
       Plate armour      |       |    62 ||    62
Dodge: Dodged            |    41 |    20 ||    61
